 Dungeon Crawl Stone Soup version 0.21-a0-404-g291f19a (webtiles) character file.

60 JimmyStorm the Unweaver (level 3, 0/29 HPs)
             Began as a Demonspawn Abyssal Knight on Oct 24, 2017.
             Was a Follower of Lugonu.
             Slain by a gnoll
             ... wielding a +0 spear
              (4 damage)
             ... on level 2 of the Dungeon on Oct 26, 2017.
             The game lasted 00:20:18 (1527 turns).

JimmyStorm the Unweaver (Demonspawn Abyssal Knight) Turns: 1527, Time: 00:20:19

Health: 0/29       AC:  6    Str: 11 (13) XL:     3   Next: 82%
Magic:  5/5        EV: 11    Int: 11 (13) God:    Lugonu [*.....]
Gold:   117        SH:  0    Dex: 10 (12) Spells: 2/2 levels left

rFire    . . .     SeeInvis .   a - +2 spear
rCold    . . .     Gourm    .   (no shield)
rNeg     . . .     Faith    .   b - +0 leather armour
rPois    .         Spirit   .   (no helmet)
rElec    .         Reflect  .   (no cloak)
rCorr    .         Harm     .   (no gloves)
MR       .....                  e - +2 pair of boots
Stlth    +.........             (no amulet)
HPRegen  0.09/turn              (no ring)
MPRegen  0.09/turn              (no ring)

@: no status effects
A: talons 1, rot immunity
a: Depart the Abyss, Renounce Religion


You were on level 2 of the Dungeon.
You worshipped Lugonu.
Lugonu was aware of your devotion.
You were not hungry.

You visited 1 branch of the dungeon, and saw 2 of its levels.
You visited the Abyss 1 time.

You collected 117 gold pieces.

Inventory:

Hand Weapons
 a - a +2 spear (weapon)
Missiles
 i - 10 stones (quivered)
Armour
 b - a +0 leather armour (worn)
 e - a +2 pair of boots (worn)
 g - a +0 ring mail
 n - a +0 leather armour
Scrolls
 l - a scroll of remove curse
Potions
 d - a potion of lignification
 j - 2 potions of agility
 k - a potion of degeneration
Comestibles
 c - a bread ration
 f - 2 fruits
 h - a meat ration


   Skills:
 * Level 3.2 Fighting
 + Level 3.0 Polearms
 + Level 2.0 Armour
 + Level 0.8 Dodging
 + Level 3.3 Invocations


You had 2 spell levels left.
You didn't know any spells.

Dungeon Overview and Level Annotations

Branches:
Dungeon (2/15)

Altars:
Vehumet


Innate Abilities, Weirdness & Mutations

You have sharp toenails.
You are immune to rotting.


Message History

You hit the gnoll.
You kill the gnoll!
Lugonu accepts your kill.
Your Polearms skill increases to level 3!
The gnoll hits you from afar with a spear.
The gnoll barely misses you.
You hit the gnoll.
The gnoll is moderately wounded.
The gnoll completely misses you.
You barely miss the gnoll.
The gnoll is moderately wounded.
The gnoll hits you with a spear!
You hit the gnoll.
The gnoll is moderately wounded.
The gnoll hits you with a spear!
* * * LOW HITPOINT WARNING * * *
The gnoll closely misses you.
There is a stone staircase leading up here.
The gnoll hits you from afar with a spear.
You die...

#..................+,,,,,,,,,* *,
#...#######...####.#,,,,,,,,,***,
+...'........g# *,****,,,,,,,,,,
#...###.......# *,* *,,,,,,,**,
#....,#.......# *,* *,,,,,,,++,
#.....#....##.####,* *,,,,,,,**,
#.....#....+...g.#,* *,,,,,,,**,
##...<#....###.#.#,* *,,,,,,,**,
#.##.#....# #.#@#,* *,,,,,,,***
*#.**,#....# #.#)#,****,,,,,,,***
,,,,,,#....# #.#..,,,,,,,,,,,,+,,
**,**,#....# #.#.#.,,,,,,,,,,,***
*,**,#....# #.#.###***,,,,,,,*
*,**,#....# #.#.# *,,,,,,,*
*,**,###### *,#.# *,*******
**,**,* *,#.# *,*
,,,**,********,*,******,*


You could see a gnoll.

Vanquished Creatures
  3 gnolls (D:2)
  2 dart slugs (D:1)
  2 bats
  2 giant cockroaches (D:1)
  4 hobgoblins
  4 kobolds (D:1)
  A ball python (D:1)
  4 frilled lizards
  5 goblins (D:1)
  3 rats (D:1)
30 creatures vanquished.

Notes
Turn   | Place    | Note
-------+----------+-------------------------------------------
     0 | Abyss:1  | JimmyStorm the Demonspawn Abyssal Knight began the quest for the Orb.
     0 | Abyss:1  | Reached XP level 1. HP: 18/18 MP: 2/2
     5 | Abyss:1  | Found a corrupted altar of Lugonu.
    47 | Abyss:1  | Noticed a large abomination
    49 | Abyss:1  | Noticed a small abomination
    50 | Abyss:1  | Noticed a raiju
    51 | Abyss:1  | Noticed a large abomination
    51 | Abyss:1  | Noticed an ettin skeleton
    51 | Abyss:1  | Noticed a raiju
    54 | Abyss:1  | Noticed a raiju
    55 | D:1      | Escaped the Abyss
   329 | D:1      | Gained mutation: You have sharp toenails. [demonic ancestry]
   329 | D:1      | Reached XP level 2. HP: 19/24 MP: 3/3
   331 | D:1      | Reached * piety under Lugonu
  1098 | D:2      | Upgraded the game from 0.21-a0-401-g0b6bec4 to 0.21-a0-404-g291f19a
  1116 | D:2      | Gained mutation: You are immune to rotting. [demonic ancestry]
  1116 | D:2      | Reached XP level 3. HP: 29/29 MP: 5/5
  1123 | D:2      | Found a radiant altar of Vehumet.
  1193 | D:2      | HP: 1/43 [gnoll/spear (4)]
  1527 | D:2      | Slain by a gnoll

Vault maps used:
D:1:      scummos_arrival_checkerplants
D:2:      vehumet_crystals
Abyss:1:  bh_abyss_exit_choice, minivault_11, abyss_greek_temple

Skill      XL: |  1  2  3 |
---------------+----------+-----
Polearms       | 2 3 |  3.0
Armour         | 2 |  2.0
Invocations    | 3 |  3.3
Fighting       | |  3.2
Dodging        | |  0.8

Action                   || total
-------------------------++-------
Melee: Spear             ||    91
Throw: Stone             ||     5
Invok: Depart the Abyss  ||     1
  Use: Scroll            ||     5
       Potion            ||     4
  Eat: Fruit             ||     1
       Chunk             ||     1
Armor: Leather armour    ||    21
       Skin              ||    61
Dodge: Dodged            ||    46

Table legend:
 A = Spawn XP
 B = Non-spawn XP
 C = Spawn XP percentage of total XP
 D = Spawn monster count
 E = Non-spawn monster count
 F = Spawn count percentage of total count
 G = Total turns spent on level
                    A         B        C        D         E        F      G
               +---------+---------+-------+---------+---------+-------+---------
         Total |       0 |      87 |   0.0 |       0 |      30 |   0.0 |  1527
               +---------+---------+-------+---------+---------+-------+---------
           D:1 |       0 |      39 |   0.0 |       0 |      22 |   0.0 |  1319
           D:2 |       0 |      48 |   0.0 |       0 |       8 |   0.0 |   153
               +---------+---------+-------+---------+---------+-------+---------
